 Dungeon Crawl Stone Soup version 0.29-a0-284-gf9362112df (webtiles) character file.

Game seed: 13727782508785647456

681 Krypt the Magician (level 7, -4/51 HPs)
             Began as a Gnoll Hedge Wizard on Mar 14, 2022.
             Slain by a gnoll sergeant
             ... wielding a +0 spear of venom
              (9 damage)
             ... on level 4 of the Dungeon on Mar 16, 2022.
             The game lasted 00:34:45 (11329 turns).

Krypt the Magician (Gnoll Hedge Wizard)            Turns: 11329, Time: 00:34:46

Health: -4/51      AC: 10    Str: 10    XL:     7   Next: 61%
Magic:  27/27      EV: 13    Int: 15    God:
Gold:   297        SH:  0    Dex: 11    Spells: 10/21 levels left

rFire   + + .      SeeInvis +   e - +3 Elemental Staff {rElec rF++ rC++ AC+5}
rCold   + + .      Faith    .   (no shield)
rNeg    . . .      Spirit   .   b - +1 robe
rPois   .          Reflect  .   t - +0 helmet
rElec   +          Harm     .   (no cloak)
rCorr   .          Rampage  .   j - +0 pair of gloves
Will    .....                   (no boots)
Stlth   +++.......              (no amulet)
HPRegen 0.17/turn               h - ring of see invisible
MPRegen 0.20/turn               q - ring of magical power

@: lethally poisoned (-4 -> -32)
A: fangs 1, strong nose, distributed training
a: no special abilities


You were on level 4 of the Dungeon.
You visited 1 branch of the dungeon, and saw 4 of its levels.

You collected 297 gold pieces.

Inventory:

Hand Weapons
 a - a +0 spectral dagger
 e - the +3 Elemental Staff (weapon) {rElec rF++ rC++ AC+5}
   (You acquired it on level 1 of the Dungeon)

   If the wielder is skilled in Evocations, they can discharge powerful blasts
   of elemental energy when striking with it.
   It enhances your fire, ice, earth and air magic.
   AC:        It affects your AC (+5).
   rF:        It greatly protects you from fire.
   rC:        It greatly protects you from cold.
   rElec:     It insulates you from electricity.
Missiles
 g - 218 stones
Armour
 b - a +1 robe (worn)
 c - a +0 hat
 j - a +0 pair of gloves (worn)
 t - a +0 helmet (worn)
Jewellery
 h - a ring of see invisible (left hand)
 k - a ring of fire
 p - a ring of ice
 q - a ring of magical power (right hand)
Scrolls
 n - a scroll of fear {unknown}
 o - a scroll of teleportation {unknown}
 s - a scroll of fog {unknown}
 u - a scroll of immolation {unknown}
 v - a scroll of magic mapping {unknown}
Potions
 d - a potion of magic
 f - a potion of lignification
 i - a potion of might
 l - a potion of flight
 m - 2 potions of ambrosia {unknown}
 r - 2 potions of haste


   Skills:
 + Level 2.6 Fighting
 + Level 2.6 Short Blades
 + Level 2.6 Long Blades
 + Level 2.6 Axes
 + Level 2.6 Maces & Flails
 + Level 2.6 Polearms
 + Level 2.6 Staves
 + Level 2.6 Slings
 + Level 2.6 Bows
 + Level 2.6 Crossbows
 + Level 2.6 Throwing
 + Level 2.6 Armour
 + Level 5.3 Dodging
 + Level 5.0 Stealth
 + Level 2.6 Shields
 + Level 2.6 Unarmed Combat
 + Level 7.6 Spellcasting
 + Level 3.0 Conjurations
 + Level 2.1 Hexes
 + Level 3.0 Summonings
 + Level 2.1 Necromancy
 + Level 3.0 Translocations
 + Level 2.1 Transmutations
 + Level 2.1 Fire Magic
 + Level 2.1 Ice Magic
 + Level 2.1 Air Magic
 + Level 2.1 Earth Magic
 + Level 2.1 Poison Magic
 + Level 2.9 Invocations
 + Level 2.6 Evocations


You had 10 spell levels left.
You knew the following spells:

 Your Spells              Type           Power      Damage    Failure   Level
a - Magic Dart            Conj           56%        1d5       3%          1
b - Call Imp              Summ           14%        N/A       5%          2
c - Blink                 Tloc           28%        N/A       5%          2
d - Conjure Flame         Conj/Fire      20%        6-21      13%         3
e - Mephitic Cloud        Conj/Pois/Air  19%        N/A       14%         3

Your spell library contained the following spells:

 Spells                   Type           Power      Damage    Failure   Level
 Slow                     Hex            48%        N/A       5%          1
 Lesser Beckoning         Tloc           14%        N/A       11%         3
 Manifold Assault         Tloc           14%        N/A       69%         5


Dungeon Overview and Level Annotations

Branches:
Dungeon (4/15)
 Temple: D:4-7

Altars:

Shops:
D:4 !


Innate Abilities, Weirdness & Mutations

You have very sharp teeth.
Your uncanny sense of smell can sniff out nearby items.
Your experience applies equally to all skills.


Message History

The gnoll sergeant hits you with a +0 spear of venom.
You are poisoned.
The gnoll shouts!
You hit the gnoll sergeant.
The gnoll sergeant is lightly wounded.
You feel very sick. The gnoll sergeant barely misses you.
You hit the gnoll sergeant but do no damage.
The gnoll sergeant is lightly wounded.
You feel sick.
The gnoll sergeant hits you but does no damage.
You are more poisoned.
The gnoll sergeant hits you with a +0 spear of venom.
You are lethally poisoned!
You hit the gnoll sergeant but do no damage.
You bite the gnoll sergeant, but do no damage.
The gnoll sergeant is lightly wounded.
You feel extremely sick.
The gnoll sergeant hits you with a +0 spear of venom.
You are more poisoned.
You hit the gnoll sergeant but do no damage.
The gnoll sergeant is lightly wounded.
You feel extremely sick. The gnoll closely misses you.
The gnoll sergeant completely misses you.
You hit the gnoll sergeant.
The gnoll sergeant is lightly wounded.
* * * LOW HITPOINT WARNING * * *
You feel extremely sick. The gnoll barely misses you.
The gnoll sergeant hits you but does no damage.
You are more poisoned.
You hit the gnoll sergeant.
You punch the gnoll sergeant, but do no damage.
The gnoll sergeant is moderately wounded.
* * * LOW HITPOINT WARNING * * *
You feel extremely sick. The gnoll completely misses you.
The gnoll sergeant hits you with a +0 spear of venom!
You die...

...[≈≈#####≈≈≈≈≈≈≈≈≈≈≈≈..).≈≈≈≈≈≈
....≈≈#.g.#......................
....≈≈#...#############''''######
...P≈≈###g# #.......#....#
....≈≈≈.#.g ∆#.^.....#)...#...
....≈≈≈.# #.).....)....'.....
....≈≈≈.# #'#################
....≈≈≈.# #.......#... ....≈≈≈.#
#)@)......≈≈ ....≈≈≈.#
##''#.g.......≈≈ .P..≈≈≈[#
#...g.......#..
....≈≈≈.#.#....########
....≈≈###'#.... $. ∆∆
...P≈≈#...#######################
....≈≈#ggo#......................
....≈≈#####≈≈≈≈≈≈≈≈≈≈≈≈≈≈≈≈≈≈≈≈≈≈
....≈≈≈≈≈≈≈≈≈≈÷≈≈≈≈≈≈≈≈≈≈≈≈≈≈≈≈≈≈


You could see a gnoll sergeant and a gnoll.

Vanquished Creatures
  An ogre (D:3)
  A howler monkey (D:4)
  2 hounds
  2 gnoll shamans (D:4)
  2 iguanas
  3 orc wizards
  10 gnolls (D:4)
  4 adders
  A worm (D:3)
  A dart slug (D:3)
  17 orcs
  6 endoplasms
  4 giant cockroaches
  5 goblins
  5 hobgoblins
  19 jackals
  3 kobolds
  2 quokkas (D:2)
  3 ball pythons
  9 bats
  A frilled lizard (D:1)
  7 rats
108 creatures vanquished.

Vanquished Creatures (collateral kills)
  An orc wizard (D:4)
  A gnoll (D:4)
  2 adders (D:3)
  2 orcs
  An endoplasm (D:1)
  A goblin (D:2)
  3 jackals
  A bat (D:3)
12 creatures vanquished.

Vanquished Creatures (others)
  6 plants (D:4)
6 creatures vanquished.

Grand Total: 126 creatures vanquished

Notes
Turn   | Place    | Note
-------+----------+-------------------------------------------
     0 | D:1      | Krypt the Gnoll Hedge Wizard began the quest for the Orb.
     0 | D:1      | Reached XP level 1. HP: 13/13 MP: 8/8
   595 | D:1      | Reached XP level 2. HP: 12/19 MP: 2/10
   701 | D:1      | Learned a level 2 spell: Call Imp
   704 | D:1      | Learned a level 2 spell: Blink
   758 | D:1      | Found a faded altar of an unknown god.
   986 | D:1      | Identified a scroll of acquirement
   987 | D:1      | Acquired the +3 Elemental Staff {rElec rF++ rC++ AC+5}
   987 | D:1      | Found the +3 Elemental Staff {rElec rF++ rC++ AC+5}
  1634 | D:2      | Reached XP level 3. HP: 25/25 MP: 1/11
  1914 | D:2      | Learned a level 3 spell: Conjure Flame
  1918 | D:2      | Learned a level 3 spell: Mephitic Cloud
  2867 | D:2      | Reached skill level 1 in Invocations
  4694 | D:2      | Reached skill level 1 in Fighting
  4694 | D:2      | Reached skill level 1 in Short Blades
  4694 | D:2      | Reached skill level 1 in Long Blades
  4694 | D:2      | Reached skill level 1 in Axes
  4694 | D:2      | Reached skill level 1 in Maces & Flails
  4694 | D:2      | Reached skill level 1 in Polearms
  4694 | D:2      | Reached skill level 1 in Staves
  4694 | D:2      | Reached skill level 1 in Slings
  4694 | D:2      | Reached skill level 1 in Bows
  4694 | D:2      | Reached skill level 1 in Crossbows
  4694 | D:2      | Reached skill level 1 in Throwing
  4694 | D:2      | Reached skill level 1 in Armour
  4694 | D:2      | Reached skill level 1 in Shields
  4694 | D:2      | Reached skill level 1 in Unarmed Combat
  4694 | D:2      | Reached skill level 1 in Evocations
  4694 | D:2      | Reached XP level 4. HP: 19/32 MP: 0/13
  6163 | D:3      | Reached skill level 1 in Hexes
  6163 | D:3      | Reached skill level 1 in Necromancy
  6163 | D:3      | Reached skill level 1 in Transmutations
  6163 | D:3      | Reached skill level 1 in Fire Magic
  6163 | D:3      | Reached skill level 1 in Ice Magic
  6163 | D:3      | Reached skill level 1 in Air Magic
  6163 | D:3      | Reached skill level 1 in Earth Magic
  6163 | D:3      | Reached skill level 1 in Poison Magic
  6177 | D:3      | Reached XP level 5. HP: 29/37 MP: 1/14
  7149 | D:3      | Noticed an ogre
  7170 | D:3      | Killed an ogre
  7171 | D:3      | Reached XP level 6. HP: 14/44 MP: 2/16
  8465 | D:3      | Reached skill level 5 in Dodging
  9734 | D:4      | Found Loyphoja's Distillery.
 10270 | D:4      | Reached XP level 7. HP: 48/50 MP: 12/18
 11081 | D:4      | Reached skill level 5 in Stealth
 11329 | D:4      | Slain by a gnoll sergeant

Illustrated notes

Levels and vault maps discovered:
D:1:      lemuel_arrival_behind_the_door_large, layout_rooms,
          shapermc_ecumenical_altar_pompeii
D:2:      layout_loops_ring, serial_glass, glass_columns_b, glass_columns_b,
          glass_columns_a, glass_columns_a
D:3:      layout_rooms
D:4:      lemuel_castle_with_subvaults [lemuel_castle_interior_carwin_3],
          layout_gridville, serial_shops, shop

Skill      XL: |  1  2  3  4  5  6  7 |
---------------+----------------------+-----
Conjurations   | 2 3 |  3.0
Summonings     | 2 3 |  3.0
Translocations | 2 3 |  3.0
Invocations    | 1 2 |  2.9
Fighting       | 1 2 |  2.6
Short Blades   | 1 2 |  2.6
Long Blades    | 1 2 |  2.6
Axes           | 1 2 |  2.6
Maces & Flails | 1 2 |  2.6
Polearms       | 1 2 |  2.6
Staves         | 1 2 |  2.6
Slings         | 1 2 |  2.6
Bows           | 1 2 |  2.6
Crossbows      | 1 2 |  2.6
Throwing       | 1 2 |  2.6
Armour         | 1 2 |  2.6
Shields        | 1 2 |  2.6
Unarmed Combat | 1 2 |  2.6
Evocations     | 1 2 |  2.6
Hexes          | 1 2 |  2.1
Necromancy     | 1 2 |  2.1
Transmutations | 1 2 |  2.1
Fire Magic     | 1 2 |  2.1
Ice Magic      | 1 2 |  2.1
Air Magic      | 1 2 |  2.1
Earth Magic    | 1 2 |  2.1
Poison Magic   | 1 2 |  2.1
Dodging        | 5 |  5.3
Stealth        | 5 |  5.0
Spellcasting   | |  7.6

Action                   |  1- 3 |  4- 6 |  7- 9 || total
-------------------------+-------+-------+-------++-------
Melee: Staff             |    13 |    83 |    43 ||   139
       Dagger            |     3 |       |       ||     3
       Punch             |     1 |     1 |     1 ||     3
       Bite              |     1 |     8 |     5 ||    14
 Cast: Magic Dart        |    91 |    98 |    81 ||   270
       Call Imp          |     4 |    10 |     2 ||    16
       Blink             |     2 |     5 |     3 ||    10
       Mephitic Cloud    |     1 |     6 |     7 ||    14
       Conjure Flame     |     1 |     5 |     2 ||     8
  Use: Scroll            |     5 |     3 |       ||     8
 Stab: Distracted        |     1 |       |     1 ||     2
       Sleeping          |       |     1 |       ||     1
Armor: Robe              |    21 |    53 |    17 ||    91
Dodge: Dodged            |    50 |   110 |    43 ||   203

Table legend: (Time is in decaauts)
 A = Elapsed time spent in this place.
 B = Non-inter-level travel time spent in this place.
 C = Inter-level travel time spent in this place.
 D = Time resting spent in this place.
 E = Time spent auto-exploring this place.
 F = Levels seen in this place.
 G = Mean time per level.
                   A        B        C        D        E       F      G
               +--------+--------+--------+--------+--------+-----+--------+
         Total |  11356 |  11277 |     79 |   8202 |   1731 |   4 | 2839.0 |
       Dungeon |  11356 |  11277 |     79 |   8202 |   1731 |   4 | 2839.0 |
               +--------+--------+--------+--------+--------+-----+--------+

Top non-repeatable levels by time:
     D:2: 4867 daAuts
     D:4: 2713 daAuts
     D:3: 2544 daAuts
     D:1: 1230 daAuts
